 Dungeon Crawl Stone Soup version 0.17-a0-1-g1f4be75 (console) character file.

33 MarvinPA the Grave Robber (level 3, -1/24 HPs)
             Began as a Mummy Necromancer on Mar 6, 2015.
             Slain by Edmund
             ... wielding a +0 flail of venom
              (10 damage)
             ... on level 4 of the Dungeon.
             The game lasted 00:03:10 (1541 turns).

MarvinPA the Grave Robber (Mummy Necromancer)       Turns: 1541, Time: 00:03:10

Health: -1/24      AC:  2    Str: 11    XL:     3   Next: 12%
Magic:  0/6        EV: 12    Int: 15    God:
Gold:   42         SH:  0    Dex: 12    Spells: 2 memorised, 3 levels left

rFire  x . .     SeeInvis .     a - +0 dagger
rCold  + . .     Clarity  .     c - +0 robe
rNeg   + + +     SustAb   .     (no shield)
rPois  ∞         Gourm    .     (no helmet)
rElec  .         Spirit   .     (no cloak)
rCorr  .         Warding  .     (no gloves)
rMut   .         Stasis   .     (no boots)
MR     .....                    (no amulet)
Stlth  ++........               (no ring)
                                (no ring)

@: very slightly contaminated, not resistant to hostile enchantments, unstealthy
A: no food or potions, fire vulnerability, restore body, cold resistance 1,
negative energy resistance 3, poison resistance, torment resistance, unbreathing
a: no special abilities


You were on level 4 of the Dungeon.
You were not hungry.

You visited 1 branch of the dungeon, and saw 4 of its levels.

You collected 42 gold pieces.


Innate Abilities, Weirdness & Mutations

You do not eat or drink.
Your flesh is vulnerable to fire.
Your flesh is cold resistant.
You are immune to negative energy.
Your system is resistant to poisons.
You are immune to unholy pain and torment.
You can survive without breathing.


   Skills:
 - Level 1.5 Dodging
 - Level 1.5 Stealth
 + Level 2.8 Spellcasting
 + Level 4.4 Necromancy


You had 3 spell levels left.
You knew the following spells:

 Your Spells              Type           Power        Failure   Level  Hunger
x - Vampiric Draining     Necr           ###.......   12%         3    N/A
z - Pain                  Necr           ###.         3%          1    N/A

Inventory:

Hand weapons
 a - a +0 dagger (weapon)
Armour
 c - a +0 robe (worn)
Scrolls
 e - a scroll of enchant armour {unknown}
 f - a scroll of magic mapping {unknown}
 g - a scroll of identify {unknown}
Books
 b - a book of Necromancy

Dungeon Overview and Level Annotations

Branches:
Dungeon (4/15)
 Temple: D:4-7

Altars:

Annotations:
D:2 Terence
D:4 Edmund

####### #......#
#......#
#......#
#......#
#......#########
+......@M......#
#......#######.#
..%.#+#'####<#
#.....)#
########


You could see Edmund.


Message History

Unknown command.
Aiming: Pain
Aim: Edmund, wielding a flail of venom and wearing a runed chain mail (moderately wounded, chance 73%) Edmund convulses in agony!
Unknown command.
Aiming: Pain
Aim: Edmund, wielding a flail of venom and wearing a runed chain mail (moderately wounded, chance 73%) Edmund struggles to resist.
Unknown command.
Aiming: Pain
Aim: Edmund, wielding a flail of venom and wearing a runed chain mail (moderately wounded, chance 73%)
You miscast Pain.
You are very lightly contaminated with residual magic.
Nothing appears to happen.
Edmund clears his throat.
Edmund hits you with a flail of venom.
You hit Edmund.
Edmund is moderately wounded.
Edmund misses you. Edmund hits you with a flail of venom.
Found a bread ration.
You open the door. Edmund hits you with a flail of venom!
* * * LOW HITPOINT WARNING * * *
There is an open door here.
Aiming: Pain
Aim: Edmund, wielding a flail of venom and wearing a runed chain mail (moderately wounded, chance 73%) Edmund convulses in agony!
Edmund says, "Everyone always remembers my brother. 'Who's Edmund?' they ask!"
Edmund hits you with a flail of venom!
You die...

Action                   || total
-------------------------++-------
Melee: Dagger            ||    17
 Cast: Pain              ||    51
  Use: Scroll            ||     1

Vault maps used:
D:1:      minmay_arrival_split_and_join, lemuel_old_faithful
D:2:      nicolae_overflow_hidden_temple, minmay_misc_feat_nine_boxes,
          uniq_terence
D:3:      overflow_temple_1_default, okawaru_gym_becter, uniq_sigmund
D:4:      minmay_temple_entry_purple_smoke, serial_shops,
          nicolae_shop_window_shopping, uniq_edmund, uniq_prince_ribbit1

Notes
Turn   | Place    | Note
--------------------------------------------------------------
     0 | D:1      | MarvinPA, the Mummy Necromancer, began the quest for the Orb.
     0 | D:1      | Reached XP level 1. HP: 13/13 MP: 3/3
   300 | D:1      | Reached XP level 2. HP: 19/19 MP: 0/5
  1037 | D:1      | Reached XP level 3. HP: 24/24 MP: 4/6
  1127 | D:2      | Noticed Terence
  1294 | D:2      | Learned a level 3 spell: Vampiric Draining
  1527 | D:4      | Noticed Edmund
  1541 | D:4      | Slain by Edmund

Vanquished Creatures
  2 giant geckos (D:1)
  An ooze (D:1)
  An orc (D:4)
  A ball python (D:2)
  2 giant cockroaches (D:1)
  4 hobgoblins (D:1)
  6 kobolds (D:1)
  7 bats
  A giant newt (D:1)
  A goblin (D:1)
  2 rats (D:1)
28 creatures vanquished.
